 Dungeon Crawl Stone Soup version 0.28.0-53-g5a82cb258f (webtiles) character file.

Game seed: 13695368563695088245

256 Peloso the Covered (level 5, -4/47 HPs)
             Began as a Minotaur Fighter on July 14, 2022.
             Killed by nerve-wracking pain
             ... invoked by an orc priest
              (13 damage)
             ... on level 3 of the Dungeon.
             The game lasted 00:03:31 (2355 turns).

Peloso the Covered (Minotaur Fighter)               Turns: 2355, Time: 00:03:31

Health: -4/47      AC: 10    Str: 20    XL:     5   Next: 92%
Magic:  4/4        EV:  9    Int:  5    God:
Gold:   55         SH:  5    Dex: 12    Spells: 4/4 levels left

rFire   + . .      SeeInvis .   a - +0 long sword
rCold   . . .      Faith    .   c - +0 buckler
rNeg    . . .      Spirit   .   g - +2 scale mail {rF+}
rPois   .          Reflect  .   (helmet restricted)
rElec   .          Harm     .   f - +0 cloak
rCorr   .          Rampage  .   (no gloves)
Will    .....                   (no boots)
Stlth   ..........              (no amulet)
HPRegen 0.15/turn               (no ring)
MPRegen 0.09/turn               (no ring)

@: no status effects
A: horns 2, retaliatory headbutt
a: no special abilities


You were on level 3 of the Dungeon.
You visited 1 branch of the dungeon, and saw 3 of its levels.

You collected 55 gold pieces.

Inventory:

Hand Weapons
 a - a +0 long sword (weapon)
 b - a +0 spear of flaming
Armour
 c - a +0 buckler (worn)
 f - a +0 cloak (worn)
 g - a +2 scale mail of fire resistance (worn)
Scrolls
 h - 3 scrolls of identify
 i - a scroll of enchant weapon {unknown}
Potions
 d - a potion of might
 e - a potion of heal wounds {unknown}


   Skills:
 + Level 4.9 Fighting
 + Level 4.4 Long Blades
 + Level 5.2 Armour
 + Level 1.4 Dodging
 + Level 0.6 Stealth
 + Level 4.2 Shields


You had 4 spell levels left.
You didn't know any spells.
Your spell library contained the following spells:

 Spells                   Type           Power      Damage    Failure   Level
 Portal Projectile        Hex/Tloc       0%         N/A       99%         3
 Summon Lightning Spire   Summ/Air       0%         N/A       100%        4
 Blade Hands              Tmut           0%         N/A       100%        5
 Excruciating Wounds      Necr           0%         N/A       100%        5
 Storm Form               Tmut/Air       0%         N/A       100%        7
 Maxwell's Capacitive Co  Air            0%         ∞         100%        8


Dungeon Overview and Level Annotations

Branches:
Dungeon (3/15)

Altars:


Innate Abilities, Weirdness & Mutations

You have a pair of horns on your head.
You reflexively headbutt those who attack you in melee.


Message History

You hit the orc priest.
The orc priest is moderately wounded.
The orc priest looks encouraged for a moment.
A ball python comes into view.
The orc hits you but does no damage.
You hit the orc priest. Your headbutt misses the orc priest.
The orc priest is heavily wounded.
The orc priest looks braver for a moment.
The orc hits you with a +0 club.
You slash the orc priest!
You kill the orc priest!
You block the orc's attack.
You closely miss the orc. The orc hits you with a +0 club.
You barely miss the orc.
The orc is heavily wounded.
You block the orc's attack.
You hit the orc but do no damage. You headbutt the orc.
You kill the orc!
You block the orc's attack.
The orc priest mumbles some strange prayers to Beogh against you.
Pain shoots through your body!
The orc hits you with a +1 whip of electrocution.
The orc priest mumbles some strange prayers to Beogh against you.
Pain shoots through your body!
* * * LOW HITPOINT WARNING * * *
Items here: )) [ ††.
You closely miss the orc priest. The orc completely misses you.
The orc priest hits you but does no damage.
You hit the orc priest.
The orc priest is lightly wounded.
You block the orc's attack.
The orc priest calls down the wrath of Beogh upon you.
Pain shoots through your body!
* * * LOW HITPOINT WARNING * * *
The orc hits you but does no damage.
You slash the orc!
You kill the orc!
The orc priest calls down the wrath of Beogh upon you.
Pain shoots through your body!
You die...

...# #..# ### #..## .?.
... #.# #.# # #.#
##.###### #. #S#
##...##... ... #o#.#
##.....#.## ....###@#.#
#..(....... ......).#.#
#......###. .....##..#.#
#.#....# #.
#...###..#.####<##.#.###.
#.......................
#######......##.##..##.##
...................>##.##
########.....##.##.....#.
##...###.###......


You could see an orc priest and a ball python.

Vanquished Creatures
  A hound (D:3)
  An orc priest (D:3)
  Natasha (thrice) (D:2)
  3 gnolls (D:2)
  5 adders
  3 worms (D:2)
  A dart slug (D:1)
  2 orcs (D:3)
  5 ball pythons
  4 bats
  5 endoplasms
  2 giant cockroaches
  8 goblins
  2 hobgoblins
  A quokka (D:2)
  4 frilled lizards
  5 kobolds
  6 rats
61 creatures vanquished.

Notes
Turn   | Place    | Note
-------+----------+-------------------------------------------
     0 | D:1      | Peloso the Minotaur Fighter began the quest for the Orb.
     0 | D:1      | Reached XP level 1. HP: 19/19 MP: 0/0
   224 | D:1      | Reached skill level 4 in Armour
   224 | D:1      | Reached XP level 2. HP: 22/27 MP: 1/1
   458 | D:1      | Found a faded altar of an unknown god.
   723 | D:2      | Noticed Natasha
   726 | D:2      | Reached XP level 3. HP: 24/34 MP: 2/2
   738 | D:2      | Killed Natasha
  1195 | D:2      | Noticed Natasha
  1201 | D:2      | Reached XP level 4. HP: 27/41 MP: 3/3
  1215 | D:2      | Reached skill level 1 in Dodging
  1219 | D:2      | Killed Natasha
  1633 | D:2      | Noticed Natasha
  1641 | D:2      | Killed Natasha
  1642 | D:2      | Reached skill level 5 in Armour
  1642 | D:2      | Reached XP level 5. HP: 29/47 MP: 4/4
  2355 | D:3      | Killed from afar by an orc priest

Illustrated notes

Levels and vault maps discovered:
D:1:      nicolae_arrival_somewhat_less_tricky_arrival, layout_loops_cross,
          ebering_ecumenical_altar_petrified
D:2:      layout_loops_ring, uniq_natasha
D:3:      layout_loops_ring, lemuel_doored_altar

Skill      XL: |  1  2  3  4  5 |
---------------+----------------+-----
Armour         | 4 5 |  5.2
Fighting       | 4 |  4.9
Shields        | 4 |  4.2
Long Blades    | 3 4 |  4.4
Dodging        | 1 |  1.4
Stealth        | |  0.6

Action                   |  1- 3 |  4- 6 || total
-------------------------+-------+-------++-------
Melee: Long sword        |    72 |    63 ||   135
       Headbutt          |    12 |    15 ||    27
  Use: Scroll            |     1 |     2 ||     3
       Potion            |     1 |       ||     1
Armor: Scale mail        |    37 |    36 ||    73
Dodge: Dodged            |    30 |    29 ||    59
Block: Buckler           |    12 |    26 ||    38
